[Event "ICC tourney 1942 (7 2)"]
[Site "Internet Chess Club"]
[Date "2020.07.31"]
[Round "6"]
[White "johnnydo928"]
[Black "CobaltGame"]
[Result "0-1"]
[ICCResult "White resigns"]
[WhiteElo "1273"]
[BlackElo "1255"]
[Opening "Danish gambit"]
[ECO "C21"]
[NIC "KP.04"]
[Time "21:50:36"]
[TimeControl "420+2"]

1. e4 e5 2. d4 exd4 3. c3 dxc3 4. Bc4 Nc6 5. Nf3 h6 6. O-O Nf6 7. e5 Ng8 8.
Nxc3 Bc5 9. Qe2 Nge7 10. Rd1 d6 11. e6 f6 12. Bf4 b6 13. Nd5 Bb7 14. Nxe7
Qxe7 15. Nh4 Ne5 16. Bxe5 fxe5 17. Ng6 Qg5 18. Bd5 Bxd5 19. Rxd5 Qxg6 20.
Qf3 Qf6 21. Qg3 O-O-O 22. Qh3 Kb8 23. Rf1 Rde8 24. Rd3 Qxe6 25. Qg3 Qf6 26.
Rf3 Qe7 27. Qg6 Rhg8 28. Rf7 Qe6 29. Qxe6 Rxe6 30. a3 Rf6 31. Re7 Kc8 32. b4
Bd4 {White resigns} 0-1

[Event "ICC tourney 1942 (7 2)"]
[Site "Internet Chess Club"]
[Date "2020.07.31"]
[Round "6"]
[White "AkshatSuresh"]
[Black "stephenwilly"]
[Result "1-0"]
[ICCResult "Black checkmated"]
[WhiteElo "1490"]
[BlackElo "1454"]
[Opening "Ruy Lopez: classical defense, 4.c3"]
[ECO "C64"]
[NIC "RL.01"]
[Time "21:51:00"]
[TimeControl "420+2"]

1. e4 e5 2. Nf3 Nc6 3. Bb5 Bc5 4. c3 Nf6 5. d3 d6 6. Nbd2 Bg4 7. h3 Bxf3 8.
Nxf3 O-O 9. O-O a6 10. Ba4 b5 11. Bb3 b4 12. Bg5 bxc3 13. bxc3 h6 14. Bh4 g5
15. Bg3 Nh5 16. Bh2 Nf4 17. Bxf4 gxf4 18. Nh2 Kh7 19. Qh5 Qg5 20. Bxf7 Qf6
21. Bd5 Rg8 22. Bxc6 Raf8 23. Qf5+ Qxf5 24. exf5 Kh8 25. Ng4 h5 26. Nh2 Rxf5
27. Nf3 Rf6 28. Be4 c6 29. Bxc6 Rfg6 30. Nd2 Rg3 31. Kh2 Rxd3 32. Ne4 Ba7
33. Rad1 Rxd1 34. Rxd1 Rd8 35. Rxd6 Rxd6 36. Nxd6 Bxf2 37. Bb7 a5 38. Nc4
Be1 39. Nxa5 Bxc3 40. Nb3 Kg7 41. a4 Bb4 42. a5 Bd6 43. a6 Bb8 44. Na5 Kf6
45. Nc6 e4 46. Nxb8 e3 47. Bf3 Ke5 48. a7 Kd6 49. a8=Q Kc5 50. Qc6+ Kd4 51.
Qd5+ Kc3 52. Nc6 Kc2 53. Qd1+ Kc3 54. Qd4+ Kc2 55. Bd1+ Kc1 56. Qd3 Kb2 57.
Qc2+ Ka1 58. Nb4 e2 59. Qa2# {Black checkmated} 1-0

[Event "ICC tourney 1942 (7 2)"]
[Site "Internet Chess Club"]
[Date "2020.07.31"]
[Round "6"]
[White "Egkninja"]
[Black "SanthoshA"]
[Result "0-1"]
[ICCResult "White checkmated"]
[WhiteElo "1231"]
[BlackElo "1333"]
[Opening "Evans gambit"]
[ECO "C51"]
[NIC "IG.05"]
[Time "21:51:13"]
[TimeControl "420+2"]

1. e4 e5 2. Nf3 Nc6 3. Bc4 Bc5 4. b4 Bxb4 5. c3 Bc5 6. d4 exd4 7. cxd4 Bb4+
8. Bd2 Bxd2+ 9. Qxd2 d6 10. Nc3 Nge7 11. d5 Ne5 12. Nxe5 dxe5 13. Qg5 Ng6
14. Qxd8+ Kxd8 15. Nb5 a6 16. Nc3 Ke7 17. h4 h5 18. Ne2 Rd8 19. Ng3 Nf4 20.
Kf1 Kf8 21. Be2 Nxe2 22. Kxe2 g6 23. Rac1 Rd7 24. Rc2 Ke8 25. Rhc1 Kd8 26.
Nf1 b6 27. Ne3 a5 28. Nc4 Ba6 29. Ke3 f6 30. g3 Bxc4 31. Rxc4 Rc8 32. Rc6
Rd6 33. f4 exf4+ 34. gxf4 Kd7 35. Rxd6+ Kxd6 36. Rg1 Rg8 37. f5 g5 38. hxg5
fxg5 39. Kd4 g4 40. e5+ Kd7 41. Rh1 g3 42. e6+ Ke7 43. Rg1 h4 44. Ke5 Rg5
45. Kf4 Kf6 46. a4 Rxf5+ 47. Kg4 Rxd5 48. Kxh4 Kxe6 49. Rxg3 Rd4+ 50. Kh5
Rxa4 51. Rg7 Kd6 52. Rg6+ Kd7 53. Rg7+ Kc8 54. Rg8+ Kb7 55. Kg5 b5 56. Kf6
Rc4 57. Rg5 Kb6 58. Ke6 b4 59. Rg1 c5 60. Kd5 Kb5 61. Rg8 Rd4+ 62. Ke5 a4
63. Rb8+ Kc4 64. Rc8 a3 65. Ra8 Kb3 66. Rc8 Rc4 67. Kd5 a2 68. Ra8 Rd4+ 69.
Ke5 Kb2 70. Rxa2+ Kxa2 71. Ke6 b3 72. Ke5 b2 73. Ke6 b1=Q 74. Ke5 Qe4+ 75.
Kf6 Rd6+ 76. Kf7 Qe6+ 77. Kf8 Rd8+ 78. Kg7 Rg8+ 79. Kh7 Qg6# {White
checkmated} 0-1

[Event "ICC tourney 1942 (7 2)"]
[Site "Internet Chess Club"]
[Date "2020.07.31"]
[Round "6"]
[White "SGOLD9367"]
[Black "knighthawkmill"]
[Result "1-0"]
[ICCResult "Black forfeits on time"]
[WhiteElo "1558"]
[BlackElo "1459"]
[Opening "French defense"]
[ECO "C00"]
[NIC "FR.01"]
[Time "21:50:37"]
[TimeControl "420+2"]

1. e4 e6 2. Nc3 b6 3. Nf3 Bb7 4. d3 Bb4 5. Bd2 d5 6. exd5 exd5 7. a3 Bd6 8.
Nd4 Qe7+ 9. Qe2 Qxe2+ 10. Bxe2 Be5 11. Nf3 Bf6 12. O-O Ne7 13. Rfe1 O-O 14.
d4 Nd7 15. Bd3 Ng6 16. Bg5 Bxg5 17. Nxg5 Nf6 18. Nf3 a6 19. Ne5 Rae8 20.
Nxg6 hxg6 21. Re2 Rxe2 22. Nxe2 Re8 23. Kf1 c5 24. dxc5 bxc5 25. c3 Ne4 26.
f3 Nd2+ 27. Ke1 Nb3 28. Rb1 c4 29. Bc2 Nc5 30. Kf2 a5 31. Nd4 a4 32. Nb5 Bc6
33. Nd4 Bd7 34. Ne2 f5 35. Rd1 Bc6 36. Nf4 Kf7 37. Nxd5 Rd8 38. Ne3 Nd3+ 39.
Bxd3 cxd3 40. Nc4 Kf6 41. Ke3 Bb5 42. Nd2 Re8+ 43. Kd4 Re2 44. c4
{Black forfeits on time}
1-0

[Event "ICC tourney 1942 (7 2)"]
[Site "Internet Chess Club"]
[Date "2020.07.31"]
[Round "6"]
[White "Alejjandra"]
[Black "Reyvaj0075"]
[Result "0-1"]
[ICCResult "White forfeits on time"]
[WhiteElo "1281"]
[BlackElo "1443"]
[Opening "English: Anglo-Dutch defense"]
[ECO "A10"]
[NIC "HD.14"]
[Time "21:50:36"]
[TimeControl "420+2"]

1. c4 f5 2. Nc3 Nf6 3. g3 e6 4. Bg2 Be7 5. Nf3 O-O 6. d3 Nc6 7. Bg5 b6 8. e4
fxe4 9. dxe4 Bb7 10. O-O h6 11. Bf4 d6 12. e5 Nh5 13. exd6 cxd6 14. Nd4 Nxf4
15. Bxc6 Nh3+ 16. Kg2 Bxc6+ 17. Nxc6 Qc7 18. Nxe7+ Qxe7 19. Kxh3 Rf5 20. Ne4
d5 21. cxd5 exd5 22. Nc3 Qe6 23. Kg2 Raf8 24. Qe2 Qf6 25. f4 d4 26. Qc4+ Kh8
27. Ne4 Qe7 28. Rfe1 Qb7 29. Kg1 Qd7 30. Rad1 Rd5 31. Nc3 Rd6 32. Nb5 Rc8
33. Qb4 Rd5 34. Rxd4 Rxb5 35. Rxd7 Rxb4 36. Rxa7 Rxb2 37. Rd1 Rcc2 38. h4
Rg2+ 39. Kf1 Rbf2+ 40. Ke1 Re2+ 41. Kf1 Rxa2 42. Rd8+ Kh7 43. Rdd7 Rgf2+ 44.
Kg1 Rxa7 45. Rxa7 Rb2 46. Rb7 b5 47. Kf1 Kg6 48. Rb6+ Kf5 49. Rb7 g6 50. Ke1
Rb3 {White forfeits on time} 0-1

[Event "ICC tourney 1942 (7 2)"]
[Site "Internet Chess Club"]
[Date "2020.07.31"]
[Round "6"]
[White "Jeffchess"]
[Black "QueenHM"]
[Result "0-1"]
[ICCResult "White resigns"]
[WhiteElo "1304"]
[BlackElo "1398"]
[Opening "Réti opening"]
[ECO "A05"]
[NIC "QP.11"]
[Time "21:50:33"]
[TimeControl "420+2"]

1. Nf3 Nf6 2. b3 g6 3. Bb2 Bg7 4. e3 O-O 5. Nc3 d6 6. Bc4 c5 7. d4 cxd4 8.
Nxd4 Nc6 9. Nxc6 bxc6 10. Ne2 c5 11. Nf4 Bb7 12. Bxf6 Bxf6 13. Rc1 Bc3+ 14.
Ke2 e6 15. Qd3 Bg7 16. Rcd1 d5 17. Bb5 a6 18. Ba4 a5 19. Qb5 Ba6 20. c4 Bxb5
21. Bxb5 Qf6 22. cxd5 exd5 23. Nxd5 Qe5 24. f3 Rad8 25. Bc4 Rfe8 26. e4 f5
27. Nf6+ Kh8 28. Nxe8 Rxe8 29. Bd5 fxe4 30. Bxe4 Qb2+ 31. Rd2 Qc3 32. Rhd1
Bd4 33. Rd3 Qb2+ 34. R1d2 Qa1 35. Rd1 Qxa2+ 36. R1d2 Qb1 37. Rd1 Qa2+ 38.
R1d2 Qa3 39. Kf1 Qb4 40. h3 a4 41. bxa4 Qxa4 42. g4 Rf8 43. Kg2 Qa1 44. Rd1
Qb2+ 45. R1d2 Qc1 46. Rd1 Qf4 47. Rxd4 cxd4 48. Rxd4 Qe5 49. Rd5 Qb2+ 50.
Kg3 Qb8+ 51. Kh4 Qf4 52. Rg5 Qd2 53. Rd5 Qe1+ 54. Kg5 Qg3 55. Rd7 Qxh3 56.
Rd5 Qg3 57. Rd7 Qf4+ 58. Kh4 Qh6+ 59. Kg3 Qf4+ 60. Kg2 Re8 61. Rd4 Rxe4 62.
Rxe4 Qd2+ 63. Kg3 Kg7 64. Re7+ Kh6 65. Re4 g5 66. Re6+ Kg7 67. Re7+ Kg8 68.
Re4 Qd6+ 69. Kf2 Kg7 70. Kg2 Kg6 71. Kf2 h5 72. gxh5+ Kxh5 73. Rg4 Qd2+ 74.
Kg1 Qe1+ 75. Kg2 Qe2+ 76. Kg3 Qe1+ 77. Kg2 Kg6 78. Kh3 Kf5 79. Kg2 Qe2+ 80.
Kg3 Qe1+ 81. Kg2 Qa1 82. Kf2 Qa7+ 83. Kg3 Qg7 84. Kf2 Ke5 85. Kg3 Qh6 86.
Kg2 Qh5 87. Kg3 Kf5 88. Kg2 Qxg4+ 89. fxg4+ Kxg4 90. Kg1 Kg3 91. Kh1 Kf2 92.
Kh2 g4 93. Kh1 Kf3 94. Kg1 Kg3 95. Kf1 Kh2 96. Kf2 g3+ 97. Kf3 g2 98. Ke2
g1=Q 99. Kf3 Qg3+ 100. Ke2 Kg2 101. Kd1 Qf2 102. Kc1 Qe2 103. Kb1 Kf3 104.
Kc1 Ke3 105. Kb1 Kd3 106. Ka1 Kc3 {White resigns} 0-1

[Event "ICC tourney 1942 (7 2)"]
[Site "Internet Chess Club"]
[Date "2020.07.31"]
[Round "6"]
[White "bkim3164"]
[Black "Ayushb"]
[Result "0-1"]
[ICCResult "White forfeits on time"]
[WhiteElo "1637"]
[BlackElo "1621"]
[Opening "Giuoco Pianissimo"]
[ECO "C50"]
[NIC "IG.02"]
[Time "21:51:17"]
[TimeControl "420+2"]

1. e4 e5 2. Nf3 Nc6 3. Bc4 Bc5 4. d3 h6 5. h3 Nf6 6. Be3 Bxe3 7. fxe3 O-O 8.
O-O d6 9. Nbd2 Qe7 10. a3 Be6 11. Qe2 Rfe8 12. Qf2 Bxc4 13. Nxc4 d5 14. exd5
Nxd5 15. Nh4 b5 16. Nd2 Nxe3 17. Ng6 Qg5 18. Qxf7+ Kh7 19. Rf2 Qxg6 20.
Qxg6+ Kxg6 21. Ne4 Rf8 22. Re2 Nd5 23. Nc5 Rae8 24. Rae1 Re7 25. Re4 Rf4 26.
R4e2 Kf5 27. Ne4 Nf6 28. Ng3+ Kg6 29. c3 Rd7 30. Rd2 e4 31. d4 Re7 32. Ne2
Rf5 33. Ng3 Rg5 34. Kh2 Na5 35. Rde2 Nc4 36. h4 Rd5 37. Kh3 Nd6 38. Kh2 c5
39. dxc5 Rxc5 40. Rd2 Nc4 41. Rd4 e3 42. Re2 Rce5 43. Rf4 Nh5 44. Nxh5 Kxh5
45. Kh3 Kg6 46. g4 Na5 47. h5+ Kh7 48. Rf3 Nb3 49. Rf1 Rd5
{White forfeits on time}
0-1

[Event "ICC tourney 1942 (7 2)"]
[Site "Internet Chess Club"]
[Date "2020.07.31"]
[Round "6"]
[White "Oliver0731"]
[Black "kk12345"]
[Result "1-0"]
[ICCResult "Black checkmated"]
[WhiteElo "1275"]
[BlackElo "1129"]
[Opening "Scotch opening"]
[ECO "C44"]
[NIC "KP.10"]
[Time "21:58:04"]
[TimeControl "420+2"]

1. e4 e5 2. Nf3 Nc6 3. d4 d6 4. Bb5 Bd7 5. Bxc6 Bxc6 6. d5 Bb5 7. a4 Ba6 8.
b4 b6 9. b5 Bb7 10. c4 Ne7 11. h4 h6 12. h5 g6 13. g4 Bg7 14. Nc3 Bc8 15.
Nh4 gxh5 16. Nf5 Nxf5 17. gxf5 h4 18. Qh5 Qf6 19. Be3 Bb7 20. O-O-O O-O-O
21. Rxh4 Rdf8 22. Rdh1 Kb8 23. Qg4 Rfg8 24. Qh3 Qd8 25. Bxh6 Bxh6+ 26. Rxh6
f6 27. Rxh8 Rxh8 28. Qxh8 Qxh8 29. Rxh8+ Bc8 30. Rf8 Kb7 31. Rxf6 a6 32. Rf7
a5 33. f6 Bg4 34. Re7 Bh5 35. f7 Bxf7 36. Rxf7 Kc8 37. Re7 Kd8 38. Re6 Kd7
39. Ne2 Kd8 40. f4 Kd7 41. fxe5 dxe5 42. Rxe5 Kd6 43. Re6+ Kc5 44. Rc6+ Kb4
45. Rxc7 Kxa4 46. d6 Kb4 47. d7 a4 48. Kc2 a3 49. Kd2 a2 50. Ra7 Kb3 51.
d8=Q Kb2 52. Rxa2+ Kxa2 53. Qa8+ Kb3 54. Kd3 Kb4 55. Qa6 Kc5 56. Nc3 Kb4 57.
Qxb6 Kb3 58. Nd5 Kb2 59. Kd2 Kb3 60. Qa5 Kb2 61. Qc3+ Ka2 62. Qb4 Ka1 63.
Kc2 Ka2 64. Qa4# {Black checkmated} 1-0

[Event "ICC tourney 1942 (7 2)"]
[Site "Internet Chess Club"]
[Date "2020.07.31"]
[Round "7"]
[White "johnnydo928"]
[Black "oxdidi"]
[Result "0-1"]
[ICCResult "White checkmated"]
[WhiteElo "1212"]
[BlackElo "1136"]
[Opening "Hungarian defense: Tartakower variation"]
[ECO "C21"]
[NIC "KP.04"]
[Time "22:22:11"]
[TimeControl "420+2"]

1. e4 e5 2. d4 exd4 3. c3 Nc6 4. Bc4 Be7 5. Nf3 Nf6 6. e5 Ne4 7. cxd4 d5 8.
Bb3 Bb4+ 9. Bd2 Nxd2 10. Nbxd2 O-O 11. O-O Bg4 12. Qc1 Bxd2 13. Nxd2 Nxd4
14. Qc5 Ne2+ 15. Kh1 c6 16. Rae1 Nf4 17. Qb4 Qg5 18. Qxb7 Bf3 19. Qxf7+ Rxf7
20. Rg1 Bxg2+ 21. Rxg2 Qxg2# {White checkmated} 0-1

[Event "ICC tourney 1942 (7 2)"]
[Site "Internet Chess Club"]
[Date "2020.07.31"]
[Round "7"]
[White "yogokings12"]
[Black "bkim3164"]
[Result "1-0"]
[ICCResult "Black resigns"]
[WhiteElo "1512"]
[BlackElo "1578"]
[Opening "Robatsch (modern) defense"]
[ECO "B06"]
[NIC "KF.05"]
[Time "22:22:23"]
[TimeControl "420+2"]

1. e4 g6 2. d4 Bg7 3. Nf3 d6 4. c4 e5 5. dxe5 dxe5 6. Qxd8+ Kxd8 7. Nc3 c6
8. Bg5+ f6 9. O-O-O+ Ke7 10. Be3 Bh6 11. Bxh6 Nxh6 12. h3 Be6 13. Be2 Nd7
14. Nd2 Nb6 15. c5 Nd7 16. b4 a5 17. a3 axb4 18. axb4 Ra7 19. Kb2 Rha8 20.
Ra1 Rxa1 21. Rxa1 Rxa1 22. Kxa1 Nf7 23. Bc4 Bxc4 24. Nxc4 Kd8 25. Kb2 Kc7
26. Kc2 Nf8 27. Kd3 Ne6 28. Ne2 Nfg5 29. h4 Nf7 30. g3 Nh6 31. f3 Nf7 32. f4
Nh6 33. fxe5 f5 34. exf5 Nxf5 35. Nd6 Nxd6 36. exd6+ Kd7 37. Ke4 Ng7 38. Nf4
Ke8 39. g4 Kf7 40. Ke5 Kf8 41. Ne6+ Nxe6 42. Kxe6 Ke8 43. Kf6 Kf8 44. d7
{Black resigns}
1-0

[Event "ICC tourney 1942 (7 2)"]
[Site "Internet Chess Club"]
[Date "2020.07.31"]
[Round "7"]
[White "NicoSc"]
[Black "DrPatzenGambino"]
[Result "0-1"]
[ICCResult "White checkmated"]
[WhiteElo "1411"]
[BlackElo "1511"]
[Opening "Queen's pawn: Charlick (Englund) gambit"]
[ECO "A40"]
[NIC "QO.17"]
[Time "22:22:21"]
[TimeControl "420+2"]

1. d4 e5 2. dxe5 Nc6 3. Nf3 f6 4. Bf4 Bc5 5. exf6 Nxf6 6. e3 d5 7. c4 Bg4 8.
cxd5 Nxd5 9. Bg3 Bb4+ 10. Nbd2 Qe7 11. Be2 O-O-O 12. a3 Ba5 13. b4 Nc3 14.
Qc2 Nxe2 15. Kxe2 Bb6 16. Rhc1 Nd4+ 17. Ke1 Nxc2+ 18. Rxc2 h5 19. Rac1 h4
20. Bf4 h3 21. g3 Rhe8 22. Nc4 c6 23. Nxb6+ axb6 24. Ne5 g5 25. Nxc6 bxc6
26. Rxc6+ Kb7 27. Rc7+ Qxc7 28. Rxc7+ Ka6 29. Bxg5 Rd1# {White checkmated}
0-1

[Event "ICC tourney 1942 (7 2)"]
[Site "Internet Chess Club"]
[Date "2020.07.31"]
[Round "7"]
[White "pika0008"]
[Black "Benranger2011"]
[Result "0-1"]
[ICCResult "White resigns"]
[WhiteElo "1321"]
[BlackElo "1497"]
[Opening "Réti opening"]
[ECO "A09"]
[NIC "QP.09"]
[Time "22:22:10"]
[TimeControl "420+2"]

1. Nf3 d5 2. c4 Nf6 3. e3 e6 4. Nc3 c5 5. d4 cxd4 6. exd4 Nc6 7. Bg5 Bb4 8.
Be2 O-O 9. O-O Re8 10. a3 Bxc3 11. bxc3 h6 12. Bf4 Ne4 13. Qc2 Qf6 14. Bg3
Nxg3 15. fxg3 dxc4 16. Ne5 Qg5 17. Nxf7 Qe3+ 18. Kh1 Bd7 19. Qg6 Qxe2 20.
Nxh6+ Kh8 21. Nf7+ Kg8 22. Ng5 Qd3 23. Qf7+ Kh8 24. Qxd7 Qxc3 25. Rf4 Qxa1+
{White resigns}
0-1

[Event "ICC tourney 1942 (7 2)"]
[Site "Internet Chess Club"]
[Date "2020.07.31"]
[Round "7"]
[White "stephenwilly"]
[Black "AJRChess2011"]
[Result "1-0"]
[ICCResult "Black resigns"]
[WhiteElo "1482"]
[BlackElo "1472"]
[Opening "Sicilian: accelerated fianchetto, modern variation with Bc4"]
[ECO "B35"]
[NIC "SI.33"]
[Time "22:22:25"]
[TimeControl "420+2"]

1. e4 c5 2. Nf3 Nc6 3. d4 cxd4 4. Nxd4 g6 5. Nc3 Bg7 6. Be3 Nf6 7. Bc4 O-O
8. Qd2 e6 9. Nf3 b6 10. Bg5 Bb7 11. e5 Nxe5 12. Nxe5 Bxg2 13. Rg1 Bb7 14.
Bh6 Bxh6 15. Qxh6 d6 16. O-O-O Qe7 17. Nd3 Rfd8 18. Nf4 Qf8 19. Qh4 Qg7 20.
Nce2 Rac8 21. Bb3 b5 22. Nd4 a6 23. Ndxe6 {Black resigns} 1-0

[Event "ICC tourney 1942 (7 2)"]
[Site "Internet Chess Club"]
[Date "2020.07.31"]
[Round "7"]
[White "MonkeyTown"]
[Black "QueenHM"]
[Result "0-1"]
[ICCResult "White resigns"]
[WhiteElo "1379"]
[BlackElo "1441"]
[Opening "King's Indian, 3.Nf3"]
[ECO "E60"]
[NIC "QP.06"]
[Time "22:22:19"]
[TimeControl "420+2"]

1. d4 Nf6 2. Nf3 g6 3. c4 Bg7 4. e3 O-O 5. Be2 c5 6. Nc3 cxd4 7. exd4 d6 8.
O-O Nc6 9. Bg5 Bf5 10. Bd3 Bxd3 11. Qxd3 Rc8 12. Rac1 Qb6 13. Rb1 h6 14.
Bxf6 Bxf6 15. Nd5 Qd8 16. Nxf6+ exf6 17. Qe3 Kg7 18. Rbc1 Re8 19. Qd3 Qb6
20. Rb1 Nb4 21. Qb3 Re2 22. a3 Nc2 23. Qxb6 axb6 24. Rfe1 Rxe1+ 25. Nxe1
Nxe1 26. Rxe1 Rxc4 27. Rd1 d5 28. Kf1 f5 29. Ke2 Kf6 30. Kd3 Rc6 31. Re1 g5
32. Re5 Rd6 33. Re8 Re6 34. Rh8 Kg6 35. Rb8 Re7 36. Rd8 f6 37. Rxd5 Re1 38.
Rc5 bxc5 {White resigns} 0-1

[Event "ICC tourney 1942 (7 2)"]
[Site "Internet Chess Club"]
[Date "2020.07.31"]
[Round "7"]
[White "Luc2008"]
[Black "ab4gm"]
[Result "1-0"]
[ICCResult "Black checkmated"]
[WhiteElo "1442"]
[BlackElo "1382"]
[Opening "Réti opening"]
[ECO "A05"]
[NIC "QP.11"]
[Time "22:22:25"]
[TimeControl "420+2"]

1. Nf3 Nf6 2. b3 d5 3. Bb2 Nc6 4. e3 Bf5 5. c4 Nb4 6. Na3 dxc4 7. Bxc4 Bd3
8. Ne5 Bxc4 9. bxc4 Nd3+ 10. Nxd3 Qxd3 11. Bxf6 exf6 12. Qa4+ c6 13. Qb3
Qxb3 14. axb3 Bxa3 15. Rxa3 O-O 16. O-O Rfd8 17. d4 Rd7 18. b4 a6 19. Rfa1
Rad8 20. g3 Rd6 21. Ra5 Kf8 22. Kf1 Ke7 23. Ke2 Ke6 24. Kd3 g6 25. b5 cxb5
26. cxb5 axb5 27. Rxb5 R8d7 28. Rab1 Ra6 29. Rxb7 Rxb7 30. Rxb7 Ra3+ 31. Ke2
Ra2+ 32. Kf3 h5 33. h4 g5 34. hxg5 fxg5 35. Rb6+ Ke7 36. Rh6 g4+ 37. Kg2 f5
38. Rxh5 Kf6 39. Rh8 Kg5 40. Rg8+ Kf6 41. d5 Ke5 42. Rf8 Re2 43. d6 Rd2 44.
Re8+ Kf6 45. Rd8 Ke6 46. d7 Rxd7 47. Rxd7 Kxd7 48. f3 gxf3+ 49. Kxf3 Ke6 50.
Kf4 Kf6 51. Kf3 Ke5 52. Ke2 Ke4 53. Kf2 Ke5 54. Kf3 Kf6 55. Kf4 Kg6 56. Ke5
Kg5 57. Ke6 Kg6 58. Ke7 Kg5 59. Kf7 Kg4 60. Kf6 Kxg3 61. Kxf5 Kh4 62. e4 Kh5
63. e5 Kh6 64. Kf6 Kh7 65. Kf7 Kh8 66. e6 Kh7 67. e7 Kh8 68. e8=Q+ Kh7 69.
Qg8+ Kh6 70. Qg6# {Black checkmated} 1-0

[Event "ICC tourney 1942 (7 2)"]
[Site "Internet Chess Club"]
[Date "2020.07.31"]
[Round "7"]
[White "SanthoshA"]
[Black "Reyvaj0075"]
[Result "1-0"]
[ICCResult "Black checkmated"]
[WhiteElo "1390"]
[BlackElo "1435"]
[Opening "Latvian counter-gambit"]
[ECO "C40"]
[NIC "KP.09"]
[Time "22:22:11"]
[TimeControl "420+2"]

1. e4 e5 2. Nf3 f5 3. d3 d6 4. Nc3 f4 5. Be2 Be7 6. O-O Nf6 7. b3 O-O 8. Ba3
c6 9. Qd2 Nbd7 10. h3 d5 11. Bxe7 Qxe7 12. exd5 cxd5 13. Nh2 d4 14. Ne4 Nxe4
15. dxe4 Nc5 16. Bc4+ Be6 17. Bxe6+ Qxe6 18. f3 Rfd8 19. Ng4 h5 20. Nf2 b5
21. Nd3 Rac8 22. Nxc5 Rxc5 23. a4 a6 24. axb5 Rxb5 25. Ra3 Qb6 26. Kh1 Rc8
27. Rfa1 Qc5 28. R1a2 a5 29. Ra4 Kh7 30. Rc4 Qf8 31. Rxa5 Rxc4 32. Rxb5 Rc3
33. Rxe5 Qa3 34. Qxf4 Qa1+ 35. Kh2 Rc6 36. Qf5+ Rg6 37. Re6 Qc1 38. Qxg6+
Kg8 39. Re8# {Black checkmated} 1-0

[Event "ICC tourney 1942 (7 2)"]
[Site "Internet Chess Club"]
[Date "2020.07.31"]
[Round "7"]
[White "Egkninja"]
[Black "Jeffchess"]
[Result "0-1"]
[ICCResult "White forfeits on time"]
[WhiteElo "1190"]
[BlackElo "1308"]
[Opening "Alekhine's defense: Mokele Mbembe (Bücker) variation"]
[ECO "B02"]
[NIC "AL.10"]
[Time "22:22:11"]
[TimeControl "420+2"]

1. e4 Nf6 2. e5 Ne4 3. Qf3 Nc5 4. d4 Ne6 5. d5 Nc5 6. b4 Nca6 7. b5 Nb4 8.
Qe4 e6 9. d6 c5 10. Nc3 f5 11. Qe2 a6 12. bxa6 N8xa6 13. a3 Qa5 14. Nf3 Na2
15. Rxa2 Qxc3+ 16. Qd2 Qxd2+ 17. Bxd2 Nb8 18. h3 Nc6 19. g4 fxg4 20. hxg4 h6
21. g5 h5 22. Be2 g6 23. Nh4 Kf7 24. Nf3 Bg7 25. Bc3 b6 26. Bb5 Bb7 27. Rf1
h4 28. Bxc6 Bxc6 29. Ke2 h3 30. Rh1 Raf8 31. Rh2 Ke8 32. Ng1 Bg2 33. a4 Rf5
34. a5 b5 35. a6 b4 36. Bb2 Kf7 37. a7 Rxg5 38. f3 Ra8 39. Nxh3 Bxh3 40.
Rxh3 Bxe5 41. Bxe5 Rxe5+ 42. Kf2 Rh5 43. Rxh5 gxh5 44. Kg3 Kf6 45. Kh4 Kf5
46. Ra5 Kf4 47. Rxc5 Rxa7 48. Rc4+ Ke5 49. Rxb4 Kxd6 50. Kxh5 Ra5+ 51. Kg4
Rf5 {White forfeits on time} 0-1

[Event "ICC tourney 1942 (7 2)"]
[Site "Internet Chess Club"]
[Date "2020.07.31"]
[Round "7"]
[White "ullchen"]
[Black "Cooliguess"]
[Result "0-1"]
[ICCResult "White resigns"]
[WhiteElo "1376"]
[BlackElo "1382"]
[Opening "French: advance, Paulsen attack"]
[ECO "B40"]
[NIC "SI.43"]
[Time "22:22:10"]
[TimeControl "420+2"]

1. e4 c5 2. Nf3 e6 3. c3 d5 4. e5 Nc6 5. d4 Qb6 6. a3 Nge7 7. b4 cxb4 8.
cxb4 Nf5 9. Bb2 Bd7 10. g4 Nfe7 11. Bg2 Rc8 12. Nc3 a5 13. b5 Na7 14. a4 Ng6
15. O-O Bb4 16. Ne2 O-O 17. h4 Rc7 18. h5 Ne7 19. Qd3 Rfc8 20. Rac1 Nxb5 21.
axb5 Bxb5 22. Qe3 Qa6 23. Nf4 Bxf1 24. Bxf1 Qb6 25. Rxc7 Qxc7 26. Ba3 Qc3
27. Bxb4 axb4 28. Bd3 b3 29. h6 Qc1+ 30. Kg2 Qxe3 31. fxe3 gxh6 32. Nh5 Nc6
33. Nf6+ Kg7 34. Nxh7 Nb4 35. Bb1 Rc2+ 36. Kg3 Kxh7 37. Ne1 Kg7 38. Kf3 Rc1
39. Nd3 Nxd3 40. Bxd3 b2 41. Ke2 b1=Q 42. Bxb1 Rxb1 {White resigns} 0-1

[Event "ICC tourney 1942 (7 2)"]
[Site "Internet Chess Club"]
[Date "2020.07.31"]
[Round "7"]
[White "kk12345"]
[Black "Alejjandra"]
[Result "1-0"]
[ICCResult "Black forfeits on time"]
[WhiteElo "1168"]
[BlackElo "1175"]
[Opening "Queen's pawn game"]
[ECO "D04"]
[NIC "QP.08"]
[Time "22:23:05"]
[TimeControl "420+2"]

1. d4 d5 2. e3 Nf6 3. Nf3 Bf5 4. a3 e6 5. c4 c6 6. Nc3 Nbd7 7. h3 Be7 8. Be2
Ne4 9. Nxe4 dxe4 10. Ne5 O-O 11. Nxd7 Qxd7 12. Bd2 Bf6 13. Bc3 Rfe8 14. Qd2
Rad8 15. Rd1 Bg6 16. Bg4 h5 17. Be2 Qc7 18. c5 b6 19. cxb6 axb6 20. Rc1 c5
21. Bb4 Qb7 22. Bc3 cxd4 23. Bxd4 Bxd4 24. exd4 e5 25. O-O exd4 26. Qf4 d3
27. Bd1 Qb8 28. Qe3 f5 29. g4 hxg4 30. hxg4 Rc8 31. Rxc8 Qxc8 32. gxf5 Qxf5
33. Bb3+ Kh7 34. Qg3 {Black forfeits on time} 1-0

[Event "ICC tourney 1942 (7 2)"]
[Site "Internet Chess Club"]
[Date "2020.07.31"]
[Round "7"]
[White "Ayushb"]
[Black "AkshatSuresh"]
[Result "0-1"]
[ICCResult "White forfeits on time"]
[WhiteElo "1584"]
[BlackElo "1535"]
[Opening "Sicilian: Taimanov variation"]
[ECO "B49"]
[NIC "SI.41"]
[Time "22:22:16"]
[TimeControl "420+2"]

1. e4 c5 2. Nf3 e6 3. d4 cxd4 4. Nxd4 a6 5. Nc3 Nc6 6. Be3 Qc7 7. Be2 b5 8.
O-O Bb7 9. Bf3 Nf6 10. Qd2 Be7 11. a4 b4 12. Na2 a5 13. Nb5 Qd8 14. e5 Nd5
15. Bxd5 exd5 16. Qxd5 Ba6 17. Rfe1 O-O 18. Rad1 Rb8 19. Nc1 Rb7 20. Nb3 Qb8
21. Bf4 Rd8 22. Nd6 Bxd6 23. exd6 Rb6 24. Re7 Rf8 25. Rxd7 Bb7
{White forfeits on time}
0-1

[Event "ICC tourney 1942 (7 2)"]
[Site "Internet Chess Club"]
[Date "2020.07.31"]
[Round "7"]
[White "IGMin2023"]
[Black "Dabombpimp"]
[Result "0-1"]
[ICCResult "White checkmated"]
[WhiteElo "1244"]
[BlackElo "1385"]
[Opening "Réti opening"]
[ECO "A11"]
[NIC "QP.11"]
[Time "22:22:10"]
[TimeControl "420+2"]

1. Nf3 c6 2. c4 g6 3. g3 Bg7 4. Bg2 e6 5. Nc3 d5 6. b3 d4 7. Ne4 d3 8. Nc3
dxe2 9. Qxe2 Ne7 10. Bb2 O-O 11. Rb1 Nd7 12. d4 Nf6 13. Nd2 Qxd4 14. Nd5 Qc5
15. Nxf6+ Bxf6 16. Bxf6 Nf5 17. Ne4 Qa3 18. Bb2 Qxa2 19. Nf6+ Kg7 20. Ng4+
Kg8 21. Qe5 Qxb1+ 22. Ke2 Qc2+ 23. Kf3 Qd3+ 24. Ne3 f6 25. Qf4 Nxe3 26. fxe3
e5 27. Qh4 Qf5+ 28. Ke2 Qc2+ 29. Kf3 Qxb2 30. Rd1 Qxb3 31. Rd6 f5 32. Rd8
e4+ 33. Kf4 Qxc4 34. Rxf8+ Kxf8 35. Qf6+ Qf7 36. Qd8+ Kg7 37. Qd4+ Kh6 38.
Qd1 Qc7+ 39. Qd6 Qxd6# {White checkmated} 0-1

[Event "ICC tourney 1942 (7 2)"]
[Site "Internet Chess Club"]
[Date "2020.07.31"]
[Round "7"]
[White "Saragupta"]
[Black "Schmall"]
[Result "1/2-1/2"]
[ICCResult "Game drawn by mutual agreement"]
[WhiteElo "1407"]
[BlackElo "1491"]
[Opening "Sicilian: closed"]
[ECO "B23"]
[NIC "SI.44"]
[Time "22:23:05"]
[TimeControl "420+2"]

1. e4 c5 2. Nc3 e6 3. f4 d5 4. Bb5+ Bd7 5. exd5 exd5 6. Qe2+ Be7 7. Nxd5
Bxb5 8. Qxb5+ Qd7 9. Qxd7+ Kxd7 10. d3 Nf6 11. Nxf6+ Bxf6 12. Nf3 Re8+ 13.
Kd1 Nc6 14. Re1 Rxe1+ 15. Kxe1 Re8+ 16. Kf2 Nb4 17. c3 Nxd3+ 18. Kf1 c4 19.
Bd2 b5 20. b3 b4 21. Nd4 bxc3 22. Bxc3 Nxf4 23. Rd1 Kc8 24. bxc4 Rd8 25. Rd2
Re8 26. Nb5 Bxc3 27. Nxc3 Ng6 28. Nb5 Re7 29. c5 a6 30. Nd6+ Kc7 31. Rb2 Re5
32. Nb7 Kc6 33. Rb6+ Kd5 34. Rd6+ Ke4 35. Rd7 Rf5+ 36. Ke1 Ne5 37. Nd6+ Kf4
38. Nxf5 Nxd7 39. c6 Nb6 40. Nxg7 Ke5 41. c7 Kd6 42. Ne8+ Kd7 43. Nf6+ Kxc7
{Game drawn by mutual agreement}
1/2-1/2